Cogmind - Beta 11 X10 @@@ ROGUE MODE // 2022.02.17 @ 13:21:21 Player: OccultOnion Result: Destroyed by Y-54 Guardian with Gatling Laser Performance ------------- Evolutions (3) 1500 Regions Visited (4) 800 Robots Destroyed (28) 140 Value Destroyed (834) 834 Prototype IDs (1) 20 Alien Tech Used (0) 0 Bonus (0) 0 TOTAL SCORE: 3294 Bonus ------- None Cogmind --------- Core Integrity 0/700 Matter 169/300 Energy 99/100 System Corruption 5% Temperature Cool (12) Movement Core (50) Location -7/Factory Parts ------- > --- POWER (1) -------- (None) > --- PROPULSION (4) --- (None) > --- UTILITY (5) ------ Target Analyzer > --- WEAPON (3) ------- (None) > --- INVENTORY (5) ---- Small Storage Unit Large Storage Unit Plasma Cannon Peak State ------------ > --- POWER ------------ Micro Nuclear Core > --- PROPULSION ------- Aluminum Leg Carbon-fiber Leg > --- UTILITY ---------- Large Storage Unit Signal Interpreter Improved Light Armor Plating Hardlight Generator > --- WEAPON ----------- Light Assault Rifle > --- INVENTORY -------- Small Storage Unit [Rating: 17] Favorites ----------- Power Ion Engine Engine Ion Engine Power Core Micro Nuclear Core Propulsion Aluminum Leg Treads Light Treads Leg Aluminum Leg Wheel Compact Wheel Hover Unit Cooled Airjet Utility Large Storage Unit Device Improved Terrain Scanner Storage Large Storage Unit Processor Visual Processing Unit Protection Improved Light Armor Plating Weapon Medium Laser Energy Gun Medium Laser Energy Cannon Plasma Cannon Ballistic Gun Assault Rifle Launcher Shock Bomb Launcher Slashing Weapon Greatsword Build | -11 -10 -9 -8 -7 ------- Run | Scr Mat Mat Mat Fac Slots Evolved 6 | . . 2 2 2 Power . | . . . . . Propulsion 2 | . . 1 1 . Utility 3 | . . 1 1 1 Weapon 1 | . . . . 1 Parts Attached 40 | 1 . 4 17 18 Power 7 | . . 1 2 4 Engine 3 | . . 1 2 . Core 4 | . . . . 4 Reactor . | . . . . . Propulsion 13 | . . 1 7 5 Treads 2 | . . . 2 . Leg 2 | . . . 2 . Wheel 7 | . . 1 3 3 Hover 2 | . . . . 2 Flight . | . . . . . Utility 10 | 1 . 2 2 5 Device 4 | 1 . . 2 1 Storage 2 | . . 1 . 1 Processor 3 | . . 1 . 2 Hackware . | . . . . . Protection 1 | . . . . 1 Artifact . | . . . . . Weapon 10 | . . . 6 4 Energy Gun 2 | . . . 2 . Energy Cannon 3 | . . . 2 1 Ballistic Gun 2 | . . . 2 . Ballistic Cannon . | . . . . . Launcher 1 | . . . . 1 Special Weapon . | . . . . . Impact Weapon . | . . . . . Slashing Weapon 2 | . . . . 2 Piercing Weapon . | . . . . . Special Melee Weapon . | . . . . . Unidentified Prototypes 1 | . . . . 1 Parts Lost 36 | . . 1 21 14 Power 6 | . . 1 3 2 Propulsion 14 | . . . 8 6 Utility 7 | . . . 4 3 Weapon 9 | . . . 6 3 Highest Loss Streak 12 | . . 1 12 8 To Critical Strikes . | . . . . . Average Slot Usage (%) 69 | . 100 98 58 33 Engine 6 | . 14 10 5 . Core 1 | . . . . 4 Treads 1 | . . . 3 . Leg 14 | . 28 22 7 6 Wheel 5 | . . 10 6 1 Device 7 | . 14 11 4 2 Storage 11 | . 14 20 8 4 Processor 3 | . . 1 8 3 Protection 1 | . . . . 4 Energy Gun 6 | . 14 11 5 . Energy Cannon 1 | . . . 4 . Ballistic Gun 7 | . 14 11 3 2 Naked Turns 28 | . . . . 28 Heaviest Build 38 | 15 15 35 38 35 Greatest Support 48 | 20 20 20 40 48 Greatest Overweight (x) 12 | . . 2 12 3 Average Overweight (x) . | . . 1 . . Largest Inventory Capacity 15 | 8 8 15 15 15 Average Capacity 12 | 8 8 14 14 12 Most Carried 13 | 8 8 13 13 5 Average Carried 7 | 6 8 9 9 2 Final Capacity 15 | 8 8 15 5 5 Final Carried 13 | 8 8 13 5 3 Class Distribution -------------------- 91% | Mutant 4% | Scavenger-Mutant 3% | Skirmisher Dominant Class ---------------- Mutant | -10/Materials Mutant | -9/Materials Mutant | -8/Materials Mutant | -7/Factory Resources | -11 -10 -9 -8 -7 ----------- Run | Scr Mat Mat Mat Fac Matter Collected 536 | 230 . 117 136 53 Remotely . | . . . . . Salvage Created 1038 | 89 41 290 425 193 Parts 75 | 7 4 24 32 8 Haulers Intercepted . | . . . . . Recyclers Shooed . | . . . . . Parts Field Recycled . | . . . . . Retrieved Matter . | . . . . . Parts Self-Destructed . | . . . . . Prevented . | . . . . . Kills | -11 -10 -9 -8 -7 ------- Run | Scr Mat Mat Mat Fac Combat Hostiles Destroyed 22 | . 1 8 10 3 Melee 2 | . . . 1 1 Guns 18 | . 1 8 7 2 Cannons 2 | . . . 2 . Classes Destroyed 10 | 2 1 3 2 2 Worker 1 | . . . . 1 Builder 1 | . . . 1 . Tunneler 2 | 2 . . . . Recycler 1 | 1 . . . . Watcher 1 | . . 1 . . Swarmer 7 | . . 4 3 . Grunt 9 | . 1 2 4 2 Sentry 4 | . . 2 2 . Hunter 1 | . . . 1 . Programmer 1 | . . . . 1 Best Kill Streak 4 | 2 1 4 4 1 Combat Bots Only 4 | . 1 4 4 1 Max Kills in Single Turn 2 | 1 1 2 1 1 Gunslinging 1 | . . 1 . . Exploded . | . . . . . Melee 1 | . . . 1 1 Uniques/NPCs Destroyed . | . . . . . Combat | -11 -10 -9 -8 -7 -------- Run | Scr Mat Mat Mat Fac Damage Taken 4229 | . 94 295 2056 1784 Core 1210 | . 10 31 458 711 Absorbed by Shields . | . . . . . Core Remaining (%) 76 | 100 96 92 16 . Volleys Fired 120 | 10 6 18 49 37 Largest 2 | 2 2 2 2 1 Hottest 160 | 70 70 70 160 36 Shots Fired 178 | 20 12 34 75 37 Gun 146 | 20 12 34 46 34 Cannon 29 | . . . 29 . Launcher 3 | . . . . 3 Special . | . . . . . Kinetic 92 | 10 6 18 24 34 Thermal 83 | 10 6 16 51 . Explosive . | . . . . . Electromagnetic 3 | . . . . 3 Robot Hit Streak 10 | 5 2 9 10 8 Robot Miss Streak 4 | 2 1 3 4 3 Penetration Max . | . . . . . Secondary Targets 1 | . . 1 . . Max Gunslinging Chain 1 | . . 1 . . Shots Hit Robots 113 | 13 4 23 42 31 Core Hits 54 | 4 2 14 19 15 Critical Kills 1 | . . . 1 . Critical Parts Destroyed . | . . . . . Critical Strikes 4 | . . . 3 1 Burn 2 | . . . 2 . Destroy 1 | . . . 1 . Sever 1 | . . . . 1 Melee Attacks 5 | . . . . 5 Impact . | . . . . . Slashing 5 | . . . . 5 Piercing . | . . . . . Sneak Attacks 1 | . . . . 1 Combat Hostiles 1 | . . . . 1 Follow-up Attacks . | . . . . . Damage Inflicted 2123 | 172 53 289 904 705 Guns 1176 | 172 53 289 462 200 Cannons 415 | . . . 415 . Explosions 231 | . . . . 231 Melee 270 | . . . . 270 Ramming 31 | . . . 27 4 Kinetic 819 | 84 41 161 333 200 Thermal 772 | 88 12 128 544 . Explosive . | . . . . . Electromagnetic 231 | . . . . 231 Impact . | . . . . . Slashing 270 | . . . . 270 Piercing . | . . . . . Highest Corruption 5 | . . . 1 5 Average Corruption 4 | . . . 1 4 Corruption Purged . | . . . . . Corruption Blocked . | . . . . . Effects 3 | . . . . 3 Matter Fused 2 | . . . . 2 Parts Rejected 1 | . . . . 1 Overload Shots . | . . . . . Overflow Damage 18 | . . . . 18 Projectiles . | . . . . . Explosions . | . . . . . Melee 18 | . . . . 18 Knockbacks . | . . . . . Impact . | . . . . . Kinetic . | . . . . . Secondary . | . . . . . Self-Inflicted Damage 60 | . 48 . 10 2 Shots 1 | . 1 . . . Rammed 5 | . . . 4 1 Targets Rammed 6 | . . . 5 1 Kicked 1 | . . . 1 . Crushed . | . . . . . Highest Temperature 393 | 54 60 69 393 22 Average Temperature 87 | 22 25 31 140 7 Received Heat Transfer 1923 | . 24 96 882 921 Effects 3 | . . . 3 . Shutdowns 1 | . . . 1 . Energy Bleed 2 | . . . 2 . Siege Activations . | . . . . . Robots Corrupted . | . . . . . Combat Hostiles . | . . . . . Parts Fried . | . . . . . Impact Corruptions . | . . . . . Robots Melted . | . . . . . Combat Hostiles . | . . . . . Parts Melted 3 | 1 . . 2 . Heat Transferred 1984 | 259 37 370 1318 . Parts Sabotaged . | . . . . . Parts Stolen . | . . . . . Parts Stripped . | . . . . . Power Chain Reactions . | . . . . . Missiles Intercepted . | . . . . . Alert | -11 -10 -9 -8 -7 ------- Run | Scr Mat Mat Mat Fac Peak Influence 272 | 15 109 272 239 216 Initial 114 | . 9 45 114 46 Average 101 | 7 30 151 148 64 Maximum Alert Level 1 | . . 1 1 1 Low Security (%) 81 | 100 100 63 79 89 Level 1 18 | . . 36 20 10 Level 2 . | . . . . . Level 3 . | . . . . . Level 4 . | . . . . . Level 5 . | . . . . . High Security . | . . . . . Max Security . | . . . . . Squads Dispatched 9 | . 1 . 6 2 Investigation . | . . . . . Extermination 1 | . . . . 1 Reinforcement 5 | . 1 . 3 1 Assault . | . . . . . Garrison 3 | . . . 3 . Intercept . | . . . . . Construction Impeded 2 | . . . 1 1 Haulers Reinforced . | . . . . . Active Scanning Responses . | . . . . . Cargo Convoy Interrupts . | . . . . . Stealth | -11 -10 -9 -8 -7 --------- Run | Scr Mat Mat Mat Fac Distress Signals 4 | . . . 4 . Communications Jammed . | . . . . . Distress Signals . | . . . . . Times Spotted 69 | . 3 9 26 31 Peak Tracking Total 16 | . 1 4 7 16 Tactical Retreats 5 | . . . 2 3 Traps | -11 -10 -9 -8 -7 ------- Run | Scr Mat Mat Mat Fac Traps Triggered . | . . . . . Indirectly . | . . . . . Trap Hack Attempts . | . . . . . Triggered . | . . . . . Disarmed . | . . . . . Reprogrammed . | . . . . . Reused . | . . . . . Traps Extracted . | . . . . . Installed . | . . . . . Triggered . | . . . . . Machines | -11 -10 -9 -8 -7 ---------- Run | Scr Mat Mat Mat Fac Machines Disabled 3 | . 2 . . 1 Max in Single Turn 2 | . 2 . . 1 Machines Sabotaged . | . . . . . Garrisons Compromised . | . . . . . Overloaded Fab Kills . | . . . . . Hacking | -11 -10 -9 -8 -7 --------- Run | Scr Mat Mat Mat Fac Machines Accessed 7 | . 4 . 2 1 Terminals 7 | . 4 . 2 1 Fabricators . | . . . . . Repair Stations . | . . . . . Recycling Units . | . . . . . Scanalyzers . | . . . . . Garrison Access . | . . . . . Total Hacks 19 | . 11 . 7 1 Successful 10 | . 3 . 6 1 Failed 9 | . 8 . 1 . Catastrophic 5 | . 5 . . . Database Lockouts . | . . . . . Manual 14 | . 8 . 6 . Terminals 19 | . 11 . 7 1 Fabricators . | . . . . . Repair Stations . | . . . . . Recycling Units . | . . . . . Scanalyzers . | . . . . . Garrison Access . | . . . . . Terminal Hacks 9 | . 2 . 6 1 Open DSF 1 | . . . . 1 Emergency Access Points 1 | . . . 1 . Terminal Index 2 | . 1 . 1 . Unreport Threat 3 | . . . 3 . Locate Traps 1 | . 1 . . . Zone Layout 1 | . . . 1 . Fabricator Hacks . | . . . . . Repair Station Hacks . | . . . . . Recycling Unit Hacks . | . . . . . Scanalyzer . | . . . . . Garrison Access Hacks . | . . . . . Unauthorized Hacks 1 | . 1 . . . Terminals 1 | . 1 . . . Assimilate 1 | . 1 . . . Fabricators . | . . . . . Repair Stations . | . . . . . Recycling Units . | . . . . . Scanalyzers . | . . . . . Garrison Access . | . . . . . Data Cores Recovered . | . . . . . Used . | . . . . . Hacking Detections 5 | . 4 . 1 . Full Trace Events . | . . . . . Feedback Events . | . . . . . Feedback Blocked . | . . . . . Robot Schematics Acquired . | . . . . . Robots Built . | . . . . . Authchips . | . . . . . Time . | . . . . . Total Robot Build Rating . | . . . . . Part Schematics Acquired . | . . . . . Parts Built . | . . . . . Authchips . | . . . . . Time . | . . . . . Total Part Build Rating . | . . . . . Parts Repaired . | . . . . . Time . | . . . . . Parts Recycled . | . . . . . Recycled Matter . | . . . . . Retrieved Matter . | . . . . . Retrieved Components . | . . . . . Parts Scanalyzed . | . . . . . Part Schematics Acquired . | . . . . . Parts Damaged . | . . . . . Bothacking | -11 -10 -9 -8 -7 ------------ Run | Scr Mat Mat Mat Fac Used RIF Installer . | . . . . . Robots Hacked . | . . . . . Non-combat . | . . . . . Combat . | . . . . . Robot Hacks Applied . | . . . . . Relay Couplers Released . | . . . . . Fabnet Peak Effective % . | . . . . . Robots Rewired . | . . . . . Allies Hacked . | . . . . . Hacks Repelled . | . . . . . Allies | -11 -10 -9 -8 -7 -------- Run | Scr Mat Mat Mat Fac Total Allies . | . . . . . Largest Group . | . . . . . Highest-Rated Group . | . . . . . Highest-Rated Ally . | . . . . . Total Orders . | . . . . . Ally Attacks . | . . . . . Total Damage . | . . . . . Kills . | . . . . . Allies Corrupted . | . . . . . Allies Melted . | . . . . . Intel | -11 -10 -9 -8 -7 ------- Run | Scr Mat Mat Mat Fac Robot Analysis Total . | . . . . . Derelict Logs Recovered . | . . . . . Drone Launches . | . . . . . Drone Recoveries . | . . . . . Exploration | -11 -10 -9 -8 -7 ------------- Run | Scr Mat Mat Mat Fac Turns Passed 1369 | 69 214 377 350 359 Spaces Moved 810 | 29 164 222 168 227 Core 155 | . . . 26 129 Treads 17 | . . . 17 . Legs 287 | 29 164 11 15 68 Wheels 348 | . . 211 110 27 Hover 3 | . . . . 3 Flight . | . . . . . Fastest Speed 50 | 120 120 115 50 50 Average Speed 117 | 120 120 128 115 104 Slowest Speed 650 | 120 120 190 650 200 Overloaded Moves 3 | . . . . 3 Propulsion Burnouts . | . . . . . Robots Hopped . | . . . . . Cave-ins Triggered . | . . . . . Exploration Rate (%) 17 | 3 38 17 22 7 Regions Visited 4 Branch Regions . Pre-discovered Areas . | . . . . . Known Exits Taken . | . . . . . Unknown Exits Taken 4 | 1 1 1 1 . Scrap Searched . | . . . . . Spaces Dug 2 | . . . 2 . Terrain Destroyed 33 | . 25 . 8 . Melee . | . . . . . Projectile 8 | . . . 8 . AOE 25 | . 25 . . . Terrain Rammed . | . . . . . Walls Destroyed . | . . . . . Machines Disabled . | . . . . . Actions | -11 -10 -9 -8 -7 --------- Run | Scr Mat Mat Mat Fac Total 1049 | 42 169 279 250 309 Wait 37 | 1 . 27 2 7 Move 806 | 28 163 221 167 227 Hop . | . . . . . Pick Up 28 | 2 . 8 9 9 Fast Attach 5 | 1 . 1 . 3 Attach 33 | . . 2 16 15 Detach 4 | . . . . 4 Swap 2 | . . 1 1 . Drop 3 | . . 1 1 1 Fire 120 | 10 6 18 49 37 Melee 5 | . . . . 5 Ram 4 | . . . 3 1 Kick 1 | . . . 1 . Crush 1 | . . . 1 . Escape Stasis . | . . . . . Rewire . | . . . . . Trap . | . . . . . Miscellaneous . | . . . . . Route ------- -11/Scrapyard -10/Materials (discovered 2 exits: [*Mat] / [*Min]) -9/Materials -8/Materials -7/Factory History --------- Turn | Location | Event 19 | -11/Scrapyard | Discovered new exit (range 3) 70 | -11/Scrapyard | Entered Materials 162 | -10/Materials | Discovered new exit (range 16) 254 | -10/Materials | Discovered new exit (range 3) 284 | -10/Materials | Entered another Materials area 284 | -9/Materials | Evolved 2 slots: Propulsion x1, Utility x1 327 | -9/Materials | Build established: Mutant 642 | -9/Materials | Discovered new exit (range 18) 661 | -9/Materials | Entered another Materials area 661 | -8/Materials | Evolved 2 slots: Propulsion x1, Utility x1 731 | -8/Materials | Garrison activated, responded to threat 871 | -8/Materials | Lost 12 parts (2p5n3u2w) 938 | -8/Materials | Core integrity fell below 50% 992 | -8/Materials | Core integrity fell below 20% 994 | -8/Materials | Lost 8 parts (1p3n4w) 1005 | -8/Materials | Discovered new exit (range 10) 1011 | -8/Materials | Entered Factory 1011 | -7/Factory | Evolved 2 slots: Utility x1, Weapon x1 1194 | -7/Factory | Lost 4 parts (1n2u1w) 1257 | -7/Factory | Core integrity fell below 50% 1312 | -7/Factory | Lost 8 parts (1p5n1u1w) 1356 | -7/Factory | Core integrity fell below 20% 1370 | -7/Factory | Destroyed by Y-54 Guardian with Gatling Laser Last Messages --------------- 01284_ Critical hit (Burn: +37). 01296_ System corrupted: Matter fused (-7). 01298_ Acquired 53 matter. 01300_ Slammed into T-07 Excavator. 01308_ Acquired Greatsword. 01312_ Dropped Mic. Nuclear Core. 01314_ Acquired Cld. Airjet. 01315_ Door malfunctions. 01317_ System corrupted: Cld. Airjet rejected. 01319_ P-60 Hacker Shock Rifle severed. 01323_ Acquired Mic. Nuclear Core. 01327_ R-06 Scavenger collects Cld. Airjet. 01331_ P-60 Hacker destroyed. 01333_ R-06 Scavenger collects Shock Rifle. 01336_ Acquired Target Analyzer. 01338_ Sneak attack on L-41 Fighter. 01338_ Destroyed Carbon-fiber Leg. 01338_ Mic. Nuclear Core destroyed. 01351_ Greatsword destroyed. 01367_ System corrupted: Matter fused (-6). Map ----- +----------------------------------------------------+ | #????## ##// """# | | #?????# ## # | | #?????# ###/####### | | +######+#####????# #????? | | # #????# #????? | | "" # #????# #????? | | R" # #????# #????? | | " # #????# #????? | | # #????# #????? | | # #????# #????? | | # #????# #????? | | # #????# #### #????? | | # #????# #??# #????? | | ##########????# #??# #????? | | #?????????????# #??# #????? | | #?????????????#t #??# #????? | | ####?????????????# #?##+###### | | ?????????????????+ #?# # | | ?????????????????# #?# """ # | | ?????????????????# #?# """ # | | ???????????????### #?# """ # | | ???????????##### ?# # | | ??????????? ?# """ # | | ?????????? # """ # | | ?????????? Y# """ # | | ?????????? @ # | | ?????????? # """ # | | ?????????? # """ # | | ??????????? ?# """ # | | ???????????+#+## ?# # | | ???????????????########??# """ ? | | ?????????????????????????# """ # | | ?????????????????????????#! """ # | | ?????????????????????????# ???? | | ?????????????????????????####????? | | ?????????????????????????????????? | | ?????????????????????????????????? | | ?????????????????????????????????? | | ?????????????????????????????????? | | ?????????????????????????????????? | | ?????????????????????????????????? | | ?????????????????????????????????? | | ?????????????????????????????????? | | ?????????????????????????????????? | | ?????????????????????????????????? | | ?????????????????????????????????? | | ?????????????????????????????????? | | ?????????????????????????????????? | | ?????????????????????????????????? | | ?????????????????????????????????? | +----------------------------------------------------+ Best States ------------- Heat Dissipation 41 Energy Generation 15 Energy Capacity 250 Matter Stores 300 Matter Capacity 300 Sight Range 18 Robot Scan Range 14 Terrain Scan Range 16 Terrain Scan Density 10 Armor Coverage 150 Evasion (%) 55 Target Analysis 5 Recoil Reduction 2 Item Schematics ----------------- None Robot Schematics ------------------ None Fabricated ------------ Nothing Alien Tech Used ----------------- None Achievements -------------- None Challenges ------------ None Game ------ Seed ChromaticLightNanovents Manual? 0 Play Time 00:21:12 Cumulative 106.0 hours Start 2022.02.17 @ 13:04:17 End 2022.02.17 @ 13:21:21 Sessions 1 Manual Loads 0 Difficulty Rogue Special Mode None Game No. 213 Rogue 213 Adventurer 0 Explorer 0 Win Type - Total 0 Types 0/0/0/0/0/0/0/0/0 Lore% 33 Gallery% 55 Achievement% 35 Wizard Run 0 Options --------- ASCII 0 Keyboard 1 Movement Vi Keybinds 0 Fullscreen 1 Font 20/SmallcapsGlow Map View 82x60 Tactical HUD 1 Map Filters NONE Filters NONE Steam 1 RUN: bd90920d-91fc-455b-95df-5308e1518bd8